 Dungeon Crawl Stone Soup version 0.30-a0-339-g89bb51ec76 (webtiles) character file.

Game seed: 8817616305170601194

4245 timneilson the Blocker (level 10, -5/61 HPs)
             Began as a Gargoyle Fighter on Oct 31, 2022.
             Was a Follower of Okawaru.
             Slain by an orc warrior
             ... wielding a +0 spear
              (9 damage)
             ... in a bailey on Nov 1, 2022.
             The game lasted 00:16:16 (6539 turns).

timneilson the Blocker (Gargoyle Fighter)           Turns: 6539, Time: 00:16:17

Health: -5/61      AC: 25    Str: 23    XL:     10   Next: 30%
Magic:  10/11      EV:  9    Int: 10    God:    Okawaru [*.....]
Gold:   696        SH:  8    Dex:  9    Spells: 9/9 levels left

rFire   . . .      SeeInvis .    r - +3 scimitar
rCold   . . .      Faith    .    c - +1 buckler
rNeg    + . .      Spirit   .    B - +0 plate armour
rPois   ∞          Reflect  .    (no helmet)
rElec   +          Harm     .    u - +0 cloak
rCorr   .          Rampage  .    (no gloves)
Will    .....                    (no boots)
Stlth   ..........               (no amulet)
HPRegen 0.30/turn                o - ring of flight
MPRegen 0.12/turn                (no ring)

@: mighty, heroic, flying, invisible
A: sickness immunity, AC +7, negative energy resistance 1, electricity
resistance, torment resistance 1, petrification resistance
a: Renounce Religion, Heroism


You were in a bailey.
You worshipped Okawaru.
Okawaru was aware of your devotion.
You visited 2 branches of the dungeon, and saw 9 of its levels.
You also visited: Sewer, Ossuary and Bailey.

You collected 696 gold pieces.

Inventory:

Hand Weapons
 a - a +1 vorpal long sword
 r - a +3 scimitar (weapon)
Armour
 c - a +1 buckler (worn)
 u - a +0 cloak (worn)
 B - a +0 plate armour (worn)
Jewellery
 o - a ring of flight (left hand)
Wands
 i - a wand of flame (19)
 t - a wand of polymorph (20)
Scrolls
 e - 2 scrolls of blinking
 f - a scroll of enchant armour
 s - 2 scrolls of teleportation
 y - 2 scrolls of fear
Potions
 b - 2 potions of attraction
 g - a potion of ambrosia
 h - 5 potions of curing
 j - 3 potions of lignification
 k - 3 potions of brilliance
 l - a potion of degeneration {unknown}
 m - 3 potions of mutation
 n - a potion of flight {unknown}
 q - a potion of berserk rage {unknown}
 v - a potion of magic
 w - 2 potions of cancellation
 x - a potion of invisibility
 A - a potion of haste {unknown}


   Skills:
 + Level 6.5(11.5) Fighting
 * Level 6.7(11.7) Long Blades
 * Level 8.6(13.6) Armour
 + Level 3.8(8.8) Dodging
 * Level 8.6(13.6) Shields
 + Level 1.9 Invocations
 + Level 1.5 Evocations


You had 9 spell levels left.
You didn't know any spells.
Your spell library contained the following spells:

 Spells                   Type           Power      Damage    Failure   Level
 Beastly Appendage        Tmut           0%         N/A       99%         1
 Foxfire                  Conj/Fire      0%         2x1d4     99%         1
 Wereblood                Tmut           0%         N/A       99%         2
 Spider Form              Tmut/Pois      0%         N/A       100%        3
 Dispel Undead            Necr           0%         3d6       100%        4
 Manifold Assault         Tloc           0%         N/A       100%        4
 Sticky Flame             Conj/Fire      0%         2d3       100%        4
 Fireball                 Conj/Fire      0%         3d3       100%        5
 Dispersal                Tloc           0%         N/A       100%        6
 Starburst                Conj/Fire      0%         6d3       100%        6
 Disjunction              Tloc           0%         N/A       100%        8
 Ignition                 Fire           0%         3d3       100%        8
 Cigotuvi's Dreadful Rot  Necr/Pois/Air  Unusable   N/A       N/A         2
 Death Channel            Necr           Unusable   N/A       N/A         6

Dungeon Overview and Level Annotations

Branches:
Dungeon (8/15)             Temple (1/1) D:7            Lair (0/5) D:8
  Sewer (visited)         Ossuary (visited)          Bailey (1/1)

Altars:
Ashenzari
Cheibriados
Dithmenos
Elyvilon
Fedhas
Hepliaklqana
Kikubaaqudgha
Nemelex Xobeh
Okawaru
Ru
Sif Muna
Trog
Uskayaw
Wu Jian
Yredelemnul
The Shining One

Shops:
D:3 :   D:5 :

Annotations:
D:7 2 transporters, p00ps00p's ghost, novice HOFi Bailey 2 runed translucent doors


Innate Abilities, Weirdness & Mutations

You are immune to sickness and miasma.
Your stone body is resilient. (AC +7)
You are immune to poison.
You resist negative energy. (rN+)
You are resistant to electric shocks. (rElec)
You are resistant to unholy torment.
You are immune to petrification.


Message History

You feel very mighty all of a sudden.
The orc knight roars a battlecry!
The orc warrior goes into a battle-frenzy!
The orc warrior hits you but does no damage.
The orc warrior hits you with a +0 trident.
You hear a shout!
It was a potion of magic.
Magic courses through your body. You block the orc knight's attack.
The orc warrior closely misses you. You block the orc warrior's attack.
An orc comes into view. It is wielding a +0 trident.
It was a potion of invisibility.
You fade into invisibility!
You block the orc warrior's attack. x2
The orc warrior hits you but does no damage.
The orc warrior closely misses you. x2
The orc warrior hits you with a +0 trident!
You hit the orc knight.
The orc knight is lightly wounded.
The orc knight hits you but does no damage.
The orc warrior barely misses you.
The orc warrior hits you but does no damage.
You hit the orc knight.
The orc knight is lightly wounded.
The orc knight closely misses you.
The orc warrior hits you but does no damage.
The orc warrior hits you with a +0 trident!
* * * LOW HITPOINT WARNING * * *
The orc warrior hits you but does no damage.
You feel more confident with your borrowed prowess.
The orc knight closely misses you.
The orc warrior hits you with a +0 spear.
* * * LOW HITPOINT WARNING * * *
The orc warrior hits you but does no damage.
The orc warrior hits you with a +0 trident!
* * * LOW HITPOINT WARNING * * *
You closely miss the orc knight.
The orc knight is lightly wounded.
You block the orc knight's attack.
The orc warrior hits you with a +0 spear!
You die...

#8.#...#### ..#..
$[#..#....... #..+..
?!#..'.......
#..+..##|$#..'.......
#. #....!!#..#.......
#.8 #..e[##8.#...####
#o.########..#....≈≈≈
##..oo.....).)##...≈≈≈
#...o@o...))...#...≈≈≈
#..##########..#..≈≈≈≈
# ####..≈≈≈≈ ♣..≈≈≈≈≈
♣.≈≈≈≈≈. ♣≈≈≈≈≈♣♣
♣≈≈≈≈≈♣ #######


You could see an orc knight (unable to see you), a deep elf pyromancer (unable
to see you), 3 orc warriors and an orc (strong, unable to see you).

Vanquished Creatures
  Pikel (D:5)
  Grinder (D:3)
  A shadow (D:6)
  A yak (D:8)
  2 water moccasins
  Duvessa (D:6)
  2 orc warriors
  A sky beast (D:6)
  An ice beast (D:8)
  An ogre (D:5)
  2 black bears
  2 lemures (D:5)
  Blork the orc (D:6)
  7 bullfrogs
  3 scorpions
  3 wights (D:8)
  Dowan (D:6)
  9 killer bees (D:8)
  3 howler monkeys (D:8)
  An electric eel (D:7)
  A jelly (D:6)
  Crazy Yiuf (D:6)
  A hound (D:4)
  A gnoll bouda (D:6)
  5 iguanas
  2 orc wizards
  8 mummies (Ossuary)
  7 river rats
  17 adders
  11 gnolls
  A shadow imp (D:8)
  2 white imps
  An ufetubus (D:4)
  4 worms
  15 orcs
  7 bats
  10 endoplasms
  5 giant cockroaches
  5 gnoll zombies
  4 hobgoblins
  13 jackals
  5 quokkas
  22 ball pythons
  4 frilled lizards
  9 goblins
  A hobgoblin zombie (Ossuary)
  A jackal zombie (D:6)
  4 kobolds
  A kobold zombie (Ossuary)
  2 orc zombies (Ossuary)
  38 rats
252 creatures vanquished.

Vanquished Creatures (others)
  11 fungi (D:8)
  43 plants
54 creatures vanquished.

Grand Total: 306 creatures vanquished

Notes
Turn   | Place    | Note
-------+----------+-------------------------------------------
     0 | D:1      | timneilson the Gargoyle Fighter began the quest for the
                  | Orb.
     0 | D:1      | Reached XP level 1. HP: 14/14 MP: 1/1
   132 | D:1      | Reached XP level 2. HP: 19/19 MP: 2/2
   501 | D:1      | Found a faded altar of an unknown god.
   819 | D:2      | Reached XP level 3. HP: 20/23 MP: 3/3
  1093 | D:2      | Reached XP level 4. HP: 28/28 MP: 4/4
  1405 | D:3      | Found Quijuacs's Vocational Training.
  1907 | D:4      | Noticed a water moccasin
  1926 | D:4      | Killed a water moccasin
  1927 | D:4      | Reached skill level 1 in Dodging
  1927 | D:4      | Reached XP level 5. HP: 6/33 MP: 5/5
  1941 | D:4      | Reached XP level 6. HP: 12/38 MP: 6/6
  1951 | D:4      | Noticed Grinder
  2091 | D:3      | Paralysed by Grinder for 5 turns
  2101 | D:3      | Paralysed by Grinder for 3 turns
  2111 | D:3      | Paralysed by Grinder for 3 turns
  2115 | D:3      | Killed Grinder
  2116 | D:3      | Reached skill level 5 in Armour
  2116 | D:3      | Reached skill level 5 in Shields
  2116 | D:3      | Reached XP level 7. HP: 27/44 MP: 7/7
  2378 | D:4      | Found a shimmering blue altar of Sif Muna.
  2711 | D:5      | Entered Level 5 of the Dungeon
  3263 | D:5      | Found Ikka's Tremendous Tomes.
  3453 | D:5      | Reached XP level 8. HP: 45/48 MP: 8/8
  3463 | D:5      | Noticed Pikel
  3486 | D:5      | Killed Pikel
  3487 | D:5      | Reached skill level 5 in Fighting
  3822 | D:6      | Found a sand-covered staircase.
  3905 | D:6      | Reached skill level 5 in Long Blades
  4002 | D:6      | Found a glowing drain.
  4021 | Sewer    | Entered a sewer
  4252 | Sewer    | Reached XP level 9. HP: 46/54 MP: 9/9
  4369 | Ossuary  | Entered an ossuary
  4863 | D:6      | Noticed Duvessa
  4864 | D:6      | Noticed Dowan
  4865 | D:6      | Got the Discourse on the Arsonist
  4877 | D:6      | Killed Dowan
  4887 | D:6      | Killed Duvessa
  5002 | D:6      | Noticed Blork the orc
  5013 | D:6      | Killed Blork the orc
  5436 | D:6      | Found a runed translucent door.
  5436 | D:6      | Noticed Crazy Yiuf
  5543 | D:6      | Killed Crazy Yiuf
  5708 | D:7      | Found a staircase to the Ecumenical Temple.
  5724 | Temple   | Entered the Ecumenical Temple
  5761 | Temple   | Became a worshipper of Warmaster Okawaru
  6067 | D:7      | Found a transporter.
  6070 | D:7      | Found a transporter.
  6076 | D:7      | Identified the +11 trident of Ibayfil {venom, Fragile rCorr
                  | Str+2}
  6076 | D:7      | Identified the +1 scale mail "Banne" {Str+5 Dex-5}
  6092 | D:7      | Noticed p00ps00p's ghost (novice HOFi)
  6251 | D:8      | Reached skill level 1 in Invocations
  6256 | D:8      | Reached XP level 10. HP: 48/60 MP: 10/10
  6260 | D:8      | Reached skill level 1 in Evocations
  6279 | D:8      | Reached * piety under Okawaru
  6402 | D:8      | Found a staircase to the Lair.
  6416 | D:8      | Found a flagged portal.
  6451 | Bailey   | Entered a bailey
  6512 | Bailey   | Found a large runed translucent door.
  6512 | Bailey   | Found a large runed translucent door.
  6523 | Bailey   | Noticed a deep elf pyromancer
  6524 | Bailey   | Noticed an orc knight
  6539 | Bailey   | Slain by an orc warrior

Illustrated notes

Levels and vault maps discovered:
D:1:      sevenhm_arrival_forest_fort_small_1, layout_loops_ring,
          shapermc_ecumenical_altar_ellora, nrook_mini_backslash,
          kennysheep_crisscross
D:2:      layout_basic, wander_ebering_terrifying_dragon_lair
D:3:      layout_basic, nicolae_shop_vocational
D:4:      layout_rooms, overflow_temple_1_default, serial_corexii_hall,
          corexii_hall_statues_i, chequers_hall_statues_wall_a,
          corexii_hall_statues_t, chequers_hall_statues_wall_a,
          grunt_ministairs_5, uniq_grinder
D:5:      layout_layer_cave, hex_tiny, kennysheep_path_1,
          nicolae_shop_i_like_big_books, uniq_pikel
D:6:      layout_rooms, gup_sewer_entry_bubbles, enter_ossuary_3, uniq_duvessa,
          uniq_crazy_yiuf_cottage, uniq_blork_the_orc
D:7:      layout_rooms, minmay_temple_entry_stoned_glass,
          gammafunk_ghost_gnarly_gnolls, serial_bayou_lagoon_a
D:8:      layout_basic, grunt_lair_entry_orc_guard_hut, enter_bailey_5
Temple:   hellmonk_temple_of_storms
Bailey:   bailey_polearm_elven_captive_hellmonk, bailey

Skill      XL: |  1  2  3  4  5  6  7  8  9 10 |
---------------+-------------------------------+-----
Long Blades    | 2 3 4 5 6 |  6.7
Armour         | 4 5 6 8 |  8.6
Shields        | 4 5 6 8 |  8.6
Fighting       | 4 5 6 |  6.5
Dodging        | 1 2 3 |  3.8
Invocations    | 1 |  1.9
Evocations     | 1 |  1.5

Action                   |  1- 3 |  4- 6 |  7- 9 | 10-12 || total
-------------------------+-------+-------+-------+-------++-------
Melee: Long sword        |   123 |   139 |   684 |    53 ||   999
       Scimitar          |       |       |       |    82 ||    82
Invok: Heroism           |       |       |       |     3 ||     3
  Use: Scroll            |     4 |     6 |    12 |       ||    22
       Potion            |       |       |     3 |    10 ||    13
Armor: Scale mail        |    75 |    92 |    79 |       ||   246
       Chain mail        |       |       |   509 |    63 ||   572
       Plate armour      |       |       |       |    34 ||    34
Dodge: Dodged            |    76 |    74 |   398 |    69 ||   617
Block: Buckler           |    34 |    34 |   267 |    70 ||   405

Table legend: (Time is in decaauts)
 A = Elapsed time spent in this place.
 B = Non-inter-level travel time spent in this place.
 C = Inter-level travel time spent in this place.
 D = Time resting spent in this place.
 E = Time spent auto-exploring this place.
 F = Levels seen in this place.
 G = Mean time per level.
                   A        B        C        D        E       F      G
               +--------+--------+--------+--------+--------+-----+--------+
         Total |   6759 |   6653 |    106 |    102 |   4111 |  12 |  563.2 |
       Dungeon |   5888 |   5790 |     98 |    102 |   3787 |   8 |  736.0 |
        Temple |     46 |     38 |      8 |      0 |     22 |   1 |   46.0 |
         Sewer |    342 |    342 |      0 |      0 |     44 |   1 |  342.0 |
       Ossuary |    396 |    396 |      0 |      0 |    258 |   1 |  396.0 |
        Bailey |     86 |     86 |      0 |      0 |      0 |   1 |   86.0 |
               +--------+--------+--------+--------+--------+-----+--------+

Top non-repeatable levels by time:
     D:5: 1108 daAuts
     D:6: 1070 daAuts
     D:1: 838 daAuts
     D:4: 808 daAuts
     D:3: 625 daAuts
     D:2: 585 daAuts
     D:7: 556 daAuts
 Ossuary: 396 daAuts
   Sewer: 342 daAuts
     D:8: 295 daAuts
  Bailey: 86 daAuts
  Temple: 46 daAuts
